 Dungeon Crawl Stone Soup version 0.31.0-1-g2c135a008e (webtiles) character file.

Game seed: 6005587814841542663

1607 qw the Shooter (level 9, -6/65 HPs)
             Began as a Djinni Hunter on Jan 23, 2024.
             Was a Follower of Okawaru.
             Mangled by an orc warrior
             ... wielding a +0 war axe
              (9 damage)
             ... on level 7 of the Dungeon.
             The game lasted 00:00:22 (5856 turns).

qw the Shooter (Djinni Hunter)                      Turns: 5856, Time: 00:00:23

Health: -6/65      AC:  7    Str: 10    XL:     9   Next: 16%
Gold:   1334       EV: 12    Int: 12    God:    Okawaru [*.....] SH:  0 Dex: 20

rFire   + + +        a - +3 shortbow
rCold   x . .        (shield currently unavailable)
rNeg    . . .        h - +0 ring mail
rPois   inf          (no helmet)
rElec   .            g - +0 cloak
rCorr   .            j - +0 pair of gloves
SInv    .            (boots unavailable)
Will    +....        (no amulet)
Stlth   +            b - ring of protection from fire
HPRegen 0.30/turn    d - ring of willpower
MPRegen 0.00/turn

%: infuse magic (-7 HP)
@: flying
A: sickness immunity, fire resistance 2, cold vulnerability 1, float, innate
caster, HP casting, extra vitality 1
a: Renounce Religion, Heroism


You were on level 7 of the Dungeon.
You worshipped Okawaru.
Okawaru was aware of your devotion.
You visited 2 branches of the dungeon, and saw 8 of its levels.

You collected 1483 gold pieces.
You spent 149 gold pieces at shops.


Innate Abilities, Weirdness & Mutations

You are immune to sickness and miasma.
You are immune to poison.
Your flesh is very heat resistant. (rF++)
You are vulnerable to cold. (rC-)
You float through the air rather than walking.
You learn spells naturally, not from books.
Your magical power is your life essence.
You have superior vitality. (+4 MHP)


   Skills:
 - Level 5.2 Fighting
 + Level 7.4 Ranged Weapons
 - Level 2.0 Armour
 - Level 4.1 Dodging
 - Level 0.7 Stealth
 + Level 3.8 Invocations


You knew the following spells:

 Your Spells              Type           Power      Damage    Failure   Level
a - Freeze                Ice            0%         1d3       63%         1
b - Static Discharge      Conj/Air       0%         3-3/arc   77%         2
c - Lesser Beckoning      Tloc           0%         N/A       77%         2
d - Animate Dead          Necr           0%         N/A       100%        4
Your spell library was empty.

Inventory:

Hand Weapons
 a - a +3 shortbow (weapon)
Armour
 c - a +1 helmet
 g - a +0 cloak (worn)
 h - a +0 ring mail (worn)
 j - a +0 pair of gloves (worn)
Jewellery
 b - a ring of protection from fire (left hand)
 d - a ring of willpower (right hand)
 f - a ring of fire
Potions
 e - 2 potions of curing
 i - a potion of cancellation
 k - a potion of might
 l - a potion of enlightenment
 m - a potion of haste {unknown}
 n - a potion of attraction {unknown}
 o - a potion of mutation {unknown}

Dungeon Overview and Level Annotations

Branches:
Dungeon (7/15)             Temple (1/1) D:5

Altars:
Ashenzari
Cheibriados
Dithmenos
Elyvilon
Fedhas
Gozag
Hepliaklqana
Makhleb
Nemelex Xobeh
Okawaru
Qazlal
Ru
Trog
Uskayaw
Wu Jian
Xom
Yredelemnul
Zin
The Shining One

Shops:
D:3 :   D:7 [


Message History

The scorpion stings you. The orc warrior closely misses you.
You shoot an arrow. The arrow hits the scorpion.
The scorpion is almost dead.
The scorpion misses you. The orc warrior barely misses you.
The scorpion stings you but does no damage.
The orc warrior hits you with a +0 war axe!
You shoot an arrow. The arrow closely misses the scorpion.
The scorpion completely misses you.
The orc warrior hits you with a +0 war axe!!
You shoot an arrow.
The arrow hits the scorpion but does no damage.
The scorpion is almost dead.
The scorpion completely misses you. The orc warrior closely misses you.
The scorpion barely misses you.
You shoot an arrow. The arrow hits the scorpion.
You kill the scorpion!
Okawaru accepts your kill.
The orc warrior hits you with a +0 war axe!
You shoot an arrow. The arrow hits the orc warrior.
The orc warrior is lightly wounded.
The orc warrior hits you with a +0 war axe.
You shoot an arrow.
The arrow hits the orc warrior but does no damage.
The orc warrior is lightly wounded.
The orc warrior hits you but does no damage.
You shoot an arrow.
The arrow closely misses the orc warrior.
The orc warrior hits you with a +0 war axe!
You shoot an arrow.
The arrow barely misses the orc warrior.
The orc warrior barely misses you.
The orc warrior hits you with a +0 war axe!
You shoot an arrow.
The arrow hits the orc warrior but does no damage.
The orc warrior is lightly wounded.
The orc warrior closely misses you.
You shoot an arrow. The arrow hits the orc warrior.
The orc warrior is moderately wounded.
The orc warrior hits you with a +0 war axe!
You die...

.. .# .# .. o# ......
###.### ......
#..#..###...... ...
#.%#o.#........ ....
#@###......#
#............##.#..#......#
#.(.....#.....###..#......#.
#.........#.....##'#.<......
........#....#.......#......
............................
.................###........
...................#........
...................#........


You could see an orc warrior.

Vanquished Creatures
  Prince Ribbit (D:6)
  Grinder (D:6)
  Duvessa (D:6)
  A water moccasin (D:5)
  An ice beast (D:5)
  2 black bears
  2 ogres (D:5)
  A bullfrog (D:7)
  A scorpion (D:7)
  Dowan (D:6)
  A bombardier beetle (D:5)
  A jelly (D:5)
  A hound (D:3)
  Terence (D:3)
  3 iguanas
  An orc wizard (D:5)
  3 gnolls (D:4)
  6 adders
  A white imp (D:5)
  3 ribbon worms
  9 orcs
  5 endoplasms
  4 giant cockroaches
  8 goblins
  8 hobgoblins
  3 kobolds
  6 quokkas
  6 ball pythons
  6 bats
  10 rats
98 creatures vanquished.

Notes
Turn   | Place    | Note
-------+----------+-------------------------------------------
     0 | D:1      | qw the Djinni Hunter began the quest for the Orb.
     0 | D:1      | Reached XP level 1. HP: 18/18 MP: 0/0
     0 | D:1      | 0 ||| qw: Version: 0.3-a-134-g2ba4250
     0 | D:1      | 0 ||| qw: Game counter: 707
     0 | D:1      | 0 ||| qw: Melee chars always use a shield: true
     0 | D:1      | 0 ||| qw: God list: Okawaru
     0 | D:1      | 0 ||| qw: Allow faded altars: false
     0 | D:1      | 0 ||| qw: Do Orc after clearing Dungeon:15 true
     0 | D:1      | 0 ||| qw: Do second Lair branch before Depths: true
     0 | D:1      | 0 ||| qw: Lair rune preference: random
     0 | D:1      | 0 ||| qw: Goals: Normal
     0 | D:1      | 0 ||| PLANNING D:1-11
   370 | D:1      | Reached XP level 2. HP: 23/23 MP: 0/0
   892 | D:1      | 892 ||| UPGRADING to +0 ring mail.
   902 | D:1      | 902 ||| DROPPING +0 leather armour.
   903 | D:1      | 903 ||| READING 3 scrolls labelled YSSADGH ELEXOSUMM.
   906 | D:1      | 906 ||| READING scroll labelled ZEZODE JUKHLARO.
   907 | D:1      | 907 ||| READING scroll labelled KOBBUA VEUTH.
   908 | D:1      | 908 ||| DROPPING scroll of butterflies.
   941 | D:2      | Reached XP level 3. HP: 28/28 MP: 0/0
   941 | D:2      | Learned a level 1 spell: Freeze
   971 | D:2      | Reached skill level 4 in Ranged Weapons
  1014 | D:2      | Reached skill level 1 in Armour
  1112 | D:2      | Reached XP level 4. HP: 30/34 MP: 0/0
  1425 | D:2      | 1425 ||| UPGRADING to ring of protection from fire.
  1426 | D:2      | 1426 ||| READING scroll labelled YLAXTE ICECO.
  1427 | D:2      | 1427 ||| READING scroll labelled XYSATA NECEPP.
  1427 | D:2      | 1427 ||| IDENTIFYING fizzy cyan potion
  1428 | D:2      | 1428 ||| READING scroll labelled ROULLELOUX.
  1429 | D:2      | 1429 ||| READING 2 scrolls labelled WUGOT EJILESY.
  1493 | D:2      | 1493 ||| DRINKING 2 metallic amethyst potions.
  1494 | D:2      | 1494 ||| DROPPING potion of magic.
  1495 | D:2      | 1495 ||| DROPPING scroll of torment.
  1515 | D:3      | 1515 ||| STAIRDANCE
  1533 | D:3      | 1533 ||| STAIRDANCE
  1603 | D:3      | Reached skill level 3 in Fighting
  1622 | D:3      | Reached XP level 5. HP: 39/40 MP: 0/0
  1622 | D:3      | Learned a level 2 spell: Static Discharge
  1661 | D:3      | Noticed Terence
  1669 | D:3      | Killed Terence
  1699 | D:3      | Found Vyges's Book Boutique.
  1969 | D:3      | 1969 ||| UPGRADING to +0 pair of gloves.
  1974 | D:3      | 1974 ||| READING 2 scrolls of identify.
  1974 | D:3      | 1974 ||| IDENTIFYING brown potion
  1975 | D:3      | 1975 ||| READING scroll of identify.
  1975 | D:3      | 1975 ||| IDENTIFYING green potion
  1976 | D:3      | 1976 ||| READING scroll labelled JEC DUPUHOE.
  1976 | D:3      | Identified a scroll of acquirement
  1976 | D:3      | 1976 ||| ACQUIRING 1175 gold pieces
  1976 | D:3      | Acquired 1175 gold pieces
  1978 | D:3      | 1978 ||| DROPPING potion of brilliance.
  2414 | D:4      | Reached XP level 6. HP: 39/46 MP: 0/0
  2716 | D:4      | Reached skill level 5 in Ranged Weapons
  2794 | D:4      | 2794 ||| READING 2 scrolls labelled AWIULAWNODAE.
  2794 | D:4      | 2794 ||| ENCHANTING +0 shortbow.
  2795 | D:4      | 2795 ||| READING scroll of enchant weapon.
  2795 | D:4      | 2795 ||| ENCHANTING +1 shortbow.
  2796 | D:4      | 2796 ||| READING scroll labelled TYT ENAOTA.
  2835 | D:5      | Entered Level 5 of the Dungeon
  2837 | D:5      | Noticed an ogre
  2851 | D:5      | Killed an ogre
  2852 | D:5      | Reached skill level 3 in Dodging
  2896 | D:5      | Noticed an ogre
  2897 | D:5      | 2897 ||| ZAPPING wand of iceblast (12) at 3,1 (ogre;
                  | floor).
  2898 | D:5      | 2898 ||| ZAPPING wand of iceblast (11) at 2,1 (ogre;
                  | floor).
  2900 | D:5      | Killed an ogre
  2901 | D:5      | Reached XP level 7. HP: 52/52 MP: 0/0
  2901 | D:5      | Learned a level 2 spell: Lesser Beckoning
  2915 | D:5      | HP: 11/52 [black bear (5)]
  2916 | D:5      | 2916 ||| READING 3 scrolls of teleportation.
  2916 | D:5      | HP: 5/52 [black bear (1)]
  3199 | D:5      | Identified the +11 flail "Xutruag" {protect, rPois}
  3349 | D:5      | 3349 ||| UPGRADING to +0 cloak.
  3455 | D:5      | Found a staircase to the Ecumenical Temple.
  3456 | D:5      | 3456 ||| PLANNING TEMPLE
  3456 | D:5      | 3456 ||| DRINKING 2 grey potions.
  3469 | Temple   | Found a transporter.
  3469 | Temple   | Found a transporter.
  3469 | Temple   | Found a transporter.
  3469 | Temple   | Found a transporter.
  3469 | Temple   | Entered the Ecumenical Temple
  3470 | Temple   | 3470 ||| PLANNING OKAWARU WORSHIP
  3487 | Temple   | Became a worshipper of Warmaster Okawaru
  3488 | Temple   | 3488 ||| PLANNING D:1-11
  3544 | D:5      | HP: 13/52 [ice beast (7)]
  3545 | D:5      | 3545 ||| READING 2 scrolls of teleportation.
  3548 | D:5      | Reached skill level 6 in Ranged Weapons
  3782 | D:5      | Noticed a water moccasin
  3802 | D:5      | Killed a water moccasin
  3803 | D:5      | Reached XP level 8. HP: 29/58 MP: 0/0
  4071 | D:5      | 4071 ||| READING scroll of identify.
  4071 | D:5      | 4071 ||| IDENTIFYING glowing yellow potion
  4110 | D:6      | 4110 ||| PLANNING SEWER
  4115 | D:6      | Noticed Prince Ribbit
  4117 | D:6      | 4117 ||| ZAPPING wand of iceblast (10) at 4,-1 (Prince
                  | Ribbit; floor).
  4118 | D:6      | 4118 ||| ZAPPING wand of iceblast (9) at 2,0 (Prince
                  | Ribbit; floor).
  4121 | D:6      | 4121 ||| ZAPPING wand of iceblast (8) at 1,4 (Prince
                  | Ribbit; floor).
  4122 | D:6      | Noticed Duvessa
  4123 | D:6      | 4123 ||| RETREEEEATING.
  4124 | D:6      | 4124 ||| RETREEEEATING.
  4125 | D:6      | 4125 ||| RETREEEEATING.
  4126 | D:6      | 4126 ||| RETREEEEATING.
  4128 | D:6      | Noticed Dowan
  4129 | D:6      | 4129 ||| RETREEEEATING.
  4129 | D:6      | Killed Prince Ribbit
  4129 | D:6      | Reached * piety under Okawaru
  4130 | D:6      | Reached skill level 7 in Ranged Weapons
  4138 | D:6      | HP: 14/58 [Duvessa/+0 short sword (5)]
  4139 | D:6      | 4139 ||| READING scroll of teleportation.
  4139 | D:6      | HP: 6/58 [Dowan/puff of flame (1)]
  4140 | D:6      | Killed Duvessa
  4141 | D:6      | Reached skill level 1 in Invocations
  4442 | D:6      | Noticed Grinder
  4443 | D:6      | 4443 ||| ZAPPING wand of iceblast (7) at 2,-3 (floor).
  4444 | D:6      | 4444 ||| ZAPPING wand of iceblast (6) at 2,-3 (Grinder;
                  | floor).
  4445 | D:6      | 4445 ||| ZAPPING wand of iceblast (5) at 2,-2 (Grinder;
                  | floor).
  4451 | D:6      | 4451 ||| ZAPPING wand of iceblast (4) at 3,-4 (floor).
  4452 | D:6      | 4452 ||| ZAPPING wand of iceblast (3) at 3,-3 (floor).
  4453 | D:6      | 4453 ||| ZAPPING wand of iceblast (2) at 3,-3 (floor).
  4454 | D:6      | 4454 ||| ZAPPING wand of iceblast (1) at 2,-2 (floor).
  4455 | D:6      | Killed Grinder
  4700 | D:6      | 4700 ||| UPGRADING to ring of willpower.
  4704 | D:6      | Found a glowing silver altar of Zin.
  4707 | D:6      | 4707 ||| FLEEEEING.
  4708 | D:6      | 4708 ||| FLEEEEING.
  4709 | D:6      | 4709 ||| FLEEEEING.
  4710 | D:6      | HP: 5/59 [Dowan/shard of ice (16)]
  4711 | D:6      | Killed Dowan
  4814 | D:6      | 4814 ||| RIP SEWER
  4897 | D:6      | 4897 ||| PLANNING D:1-11
  5187 | D:6      | Reached skill level 3 in Invocations
  5187 | D:6      | Reached XP level 9. HP: 41/65 MP: 0/0
  5187 | D:6      | Learned a level 4 spell: Animate Dead
  5467 | D:6      | 5467 ||| READING scroll of enchant weapon.
  5467 | D:6      | 5467 ||| ENCHANTING +2 shortbow.
  5588 | D:6      | 5588 ||| READING 2 scrolls labelled KEEXEZASIN.
  5689 | D:6      | 5689 ||| DROPPING scroll of vulnerability.
  5690 | D:6      | 5690 ||| DROPPING wand of flame (16).
  5766 | D:7      | Found Dehuck's Armour Boutique.
  5778 | D:7      | 5778 ||| BUYING +1 helmet (149 gold).
  5778 | D:7      | Bought a +1 helmet for 149 gold pieces
  5843 | D:7      | 5843 ||| RETREEEEATING.
  5853 | D:7      | HP: 9/65 [orc warrior/+0 war axe (11)]
  5854 | D:7      | HP: 2/65 [orc warrior/+0 war axe (7)]
  5856 | D:7      | Mangled by an orc warrior

Levels and vault maps discovered:
D:1:      dpeg_arrival_short_road, layout_loops_corners
D:2:      layout_basic
D:3:      layout_basic, serial_shops, nicolae_diamond_shop, uniq_terence
D:4:      layout_basic
D:5:      layout_basic, kennysheep_orc_sif_temple, minmay_temple_entry_trees
D:6:      layout_basic, mainiacjoe_overflow_brackets, gup_sewer_entry_bowl,
          uniq_prince_ribbit1, uniq_duvessa, uniq_grinder
D:7:      minmay_s_stair_smasher, layout_basic, serial_shops,
          nicolae_square_shop
Temple:   hellmonk_temple_divided_pantheon

Skill      XL: |  1  2  3  4  5  6  7  8  9 |
---------------+----------------------------+-----
Ranged Weapons | 4 5 6 7 |  7.4
Armour         | 1 2 |  2.0
Fighting       | 3 4 5 |  5.2
Dodging        | 3 4 |  4.1
Invocations    | 3 |  3.8
Stealth        | |  0.7

Action                     |  1- 3 |  4- 6 |  7- 9 || total
---------------------------+-------+-------+-------++-------
   Fire: Shortbow          |    82 |   163 |   161 ||   406
  Evoke: Wand              |       |     2 |    10 ||    12
    Use: Scroll            |     3 |    10 |     6 ||    19
         Potion            |       |     1 |     1 ||     2
 Armour: Leather armour    |     4 |       |       ||     4
         Ring mail         |    12 |    62 |    90 ||   164
  Dodge: Dodged            |    24 |    67 |    69 ||   160

Table legend:
 A = Non-vault XP
 B = Vault XP
 C = Vault XP percentage of total XP
 D = Non-vault monster count
 E = Vault monster count
 F = Vault count percentage of total count
                 A         B        C        D         E       F
            +---------+---------+-------+---------+---------+-------
      Total |    1241 |    1056 |  46.0 |      87 |      11 |  11.2
            +---------+---------+-------+---------+---------+-------
        D:1 |      23 |       0 |   0.0 |      15 |       0 |   0.0
        D:2 |      66 |       0 |   0.0 |      26 |       0 |   0.0
        D:3 |      69 |      36 |  34.3 |       8 |       1 |  11.1
        D:4 |     123 |       0 |   0.0 |      19 |       0 |   0.0
        D:5 |     817 |      39 |   4.6 |      15 |       2 |  11.8
        D:6 |      53 |     777 |  93.6 |       3 |       6 |  66.7
        D:7 |      90 |     204 |  69.4 |       1 |       2 |  66.7
            +---------+---------+-------+---------+---------+-------
